 Dungeon Crawl Stone Soup version 0.31.0-9-g3a7656b989 (webtiles) character file.

Game seed: 9832626907613088735

149366 Cral the Eclecticist (level 16, -9/93 HPs)
             Began as a Deep Elf Fire Elementalist on Jan 27, 2024.
             Was a High Priest of Sif Muna.
             Mangled by a +2 flail of protection (16 damage)
             ... on level 2 of the Orcish Mines on Jan 28, 2024.
             The game lasted 03:47:39 (61928 turns).

Cral the Eclecticist (Deep Elf Fire Elementalist)  Turns: 61928, Time: 03:47:39

Health: -9/93      AC: 15    Str:  5    XL:     16   Next: 96%
Magic:  35/38      EV: 16    Int: 35    God:    Sif Muna [*****.]
Gold:   2485       SH: 11    Dex: 15    Spells: 7/48 levels left

rFire   + + .        P - staff of conjuration
rCold   . . .        B - +1 buckler
rNeg    . . .        M - +0 robe of the Butcher {rF+}
rPois   .            L - +0 hat
rElec   .            g - +2 cloak
rCorr   .            k - +2 pair of gloves
SInv    .            X - +2 pair of boots {Stlth+}
Will    +....        I - amulet of reflection
Stlth   ++++         G - ring "Rufymu" {rF+ Int+6}
HPRegen 0.35/turn    T - +4 ring of protection
MPRegen 0.26/turn

%: reflection
@: about to teleport, on blink cooldown
A: no striking features
a: Renounce Religion, Channel Magic, Forget Spell, Divine Exegesis


You were on level 2 of the Orcish Mines.
You worshipped Sif Muna.
Sif Muna was extremely pleased with you.
You visited 9 branches of the dungeon, and saw 32 of its levels.
You also visited: Sewer and Gauntlet.

You collected 3948 gold pieces.
You spent 1463 gold pieces at shops.

Inventory:

Hand Weapons
 j - the +11 dagger of Iconoclasm {vamp, Fly Str+6 Int-2}
   (You found it on level 3 of the Dungeon)

   Str+6:     It affects your strength (+6).
   Int-2:     It affects your intelligence (-2).
   Fly:       It grants you flight.
 Y - a +0 dagger
Armour
 g - a +2 cloak (worn)
 k - a +2 pair of gloves (worn)
 r - a scarf of invisibility
 B - a +1 buckler (worn)
 L - a +0 hat (worn)
 M - the +0 robe of the Butcher (worn) {rF+}
   (You took it off an arcanist on level 8 of the Dungeon)

   rF+:       It protects you from fire.
 Q - a +0 kite shield of resistance
 X - a +2 pair of boots of stealth (worn)
Magical Staves
 P - a staff of conjuration (weapon)
Jewellery
 s - a ring of poison resistance
 t - a ring of resist corrosion
 E - an amulet of faith
 F - a +6 ring of strength
 G - the ring "Rufymu" (left hand) {rF+ Int+6}
   (You bought it in a shop on level 7 of the Dungeon)

   [ring of intelligence]

   Int+6:     It affects your intelligence (+6).
   rF+:       It protects you from fire.
 I - an amulet of reflection (around neck)
 T - a +4 ring of protection (right hand)
 W - a ring of willpower
Wands
 S - a wand of quicksilver (8)
Scrolls
 d - 14 scrolls of teleportation
 e - a scroll of silence
 f - 6 scrolls of immolation
 h - a scroll of amnesia
 i - 3 scrolls of enchant weapon
 n - 2 scrolls of revelation
 x - 2 scrolls of summoning
 y - 4 scrolls of poison
 z - 2 scrolls of vulnerability
 H - 3 scrolls of fog
 J - a scroll of brand weapon {unknown}
 N - a scroll of noise
 O - 6 scrolls of enchant armour
Potions
 a - 3 potions of curing
 b - 4 potions of magic
 c - 4 potions of resistance
 l - 5 potions of heal wounds
 m - 6 potions of might
 o - 2 potions of invisibility
 p - 5 potions of brilliance
 q - 3 potions of cancellation
 v - 5 potions of attraction
 w - 3 potions of ambrosia
 A - 2 potions of lignification
 C - a potion of enlightenment
 R - 3 potions of haste
 U - 3 potions of mutation
 Z - 3 potions of berserk rage
Miscellaneous
 D - a sack of spiders


   Skills:
 - Level 8.0 Fighting
 - Level 10.2 Dodging
 - Level 7.0 Stealth
 - Level 6.0 Shields
 + Level 16.5 Spellcasting
 + Level 13.3 Conjurations
 - Level 9.0 Summonings
 - Level 3.0 Translocations
 - Level 15.0 Fire Magic
 - Level 9.0 Ice Magic
 - Level 9.0 Air Magic
 - Level 3.0 Alchemy
 - Level 9.0 Invocations


You had 7 spell levels left.
You knew the following spells:

 Your Spells              Type           Power      Damage    Failure   Level
a - Spellforged Servitor  Conj/Summ      51%        N/A       19%         7
b - Stone Arrow           Conj/Erth      100%       3d13      1%          3
d - Blink                 Tloc           98%        N/A       1%          2
f - Flame Wave            Conj/Fire      100%       2d21      1%          4
g - Ozocubu's Armour      Ice            75%        N/A       1%          3
h - Freezing Cloud        Conj/Ice/Air   50%        6-21      1%          5
i - Starburst             Conj/Fire      56%        6d15      1%          6
j - Fireball              Conj/Fire      56%        3d22      1%          5
k - Plasma Beam           Fire/Air       42%        2x1d56    2%          6

Your spell library contained the following spells:

 Spells                   Type           Power      Damage    Failure   Level
 Foxfire                  Conj/Fire      100%       2x1d9     0%          1
 Scorch                   Fire           100%       2d9       0%          2
 Searing Ray              Conj           100%       2d8       0%          2
 Freeze                   Ice            100%       1d10      1%          1
 Sandblast                Erth           56%        2d13      1%          1
 Shock                    Conj/Air       100%       1d9       1%          1
 Sting                    Conj/Alch      100%       1d9       1%          1
 Summon Small Mammal      Summ           100%       N/A       1%          1
 Call Imp                 Summ           100%       N/A       1%          2
 Ensorcelled Hibernation  Hex/Ice        100%       N/A       1%          2
 Lesser Beckoning         Tloc           98%        N/A       1%          2
 Mercury Vapours          Alch/Air       100%       N/A       1%          2
 Momentum Strike          Conj/Tloc      100%       3d10      1%          2
 Call Canine Familiar     Summ           75%        N/A       1%          3
 Frozen Ramparts          Ice            100%       1d16      1%          3
 Gell's Gravitas          Tloc           49%        N/A       1%          3
 Hailstorm                Conj/Ice       100%       3d16      1%          3
 Inner Flame              Hex/Fire       69%        N/A       1%          3
 Mephitic Cloud           Conj/Alch/Air  93%        N/A       1%          3
 Teleport Other           Tloc           49%        N/A       1%          3
 Volatile Blastmotes      Fire/Tloc      100%       2d18      1%          3
 Airstrike                Air            37%        2d(6-22)  1%          4
 Brom's Barrelling Bould  Conj/Erth      85%        2d10      1%          4
 Summon Blazeheart Golem  Fire/Summ      85%        N/A       1%          4
 Irradiate                Conj/Alch      46%        3d27      1%          5
 Jinxbite                 Hex            56%        N/A       3%          2
 Sublimation of Blood     Necr           28%        N/A       3%          2
 Martyr's Knell           Necr/Summ      57%        N/A       3%          4
 Conjure Ball Lightning   Conj/Air       51%        3x3d18    3%          6
 Confusing Touch          Hex            28%        N/A       6%          3
 Fugue of the Fallen      Necr           28%        N/A       6%          3
 Passwall                 Erth           28%        N/A       6%          3
 Sigil of Binding         Hex            28%        N/A       6%          3
 Manifold Assault         Tloc           49%        N/A       6%          4
 Olgreb's Toxic Radiance  Alch           49%        N/A       6%          4
 Orb of Destruction       Conj           55%        9d14      7%          7
 Metabolic Englaciation   Hex/Ice        28%        N/A       9%          5
 Silence                  Hex/Air        28%        N/A       9%          5
 Leda's Liquefaction      Alch/Erth      19%        N/A       11%         4
 Anguish                  Hex/Necr       14%        N/A       21%         4
 Sculpt Simulacrum        Ice/Alch       31%        N/A       26%         6
 Yara's Violent Unravell  Hex/Alch       19%        3d9       30%         5
 Ozocubu's Refrigeration  Ice            37%        4d15      41%         7
 Summon Hydra             Summ           37%        N/A       41%         7
 Enfeeble                 Hex            14%        N/A       100%        7


Dungeon Overview and Level Annotations

Branches:
Dungeon (15/15)            Temple (1/1) D:4            Lair (5/5) D:8
 Shoals (3/4) Lair:3        Snake (3/4) Lair:3        Slime (1/5) Lair:4
    Orc (2/2) D:12            Elf (1/3) Orc:2        Vaults (0/5) D:14
 Depths (1/4) D:15          Sewer (visited)         Gauntlet (visited)

Altars:
Ashenzari
Cheibriados
Dithmenos
Elyvilon
Fedhas
Gozag
Hepliaklqana
Kikubaaqudgha
Makhleb
Nemelex Xobeh
Okawaru
Qazlal
Ru
Sif Muna
Trog
Uskayaw
Vehumet
Wu Jian
Xom
Yredelemnul
Zin
The Shining One
Lugonu

Shops:
D:7 =   D:8 !   Orc:2 (==!   Shoals:2 [   Shoals:3 [

Portals:
Trove: D:10 (give 6 scrolls of fear)

Annotations:
D:4 2 transporters
D:12 exclusion: obsidian statue
Shoals:3 Aizul
Orc:2 2 transporters, flt's ghost, adept TrMo


Message History

A deep elf knight comes into view. It is wielding a +0 long sword.
A deep elf pyromancer comes into view. It is wielding a +0 long sword.
The deep elf knight gestures wildly while chanting.
The deep elf knight seems to speed up.
Unknown command.
Casting: Fireball (mildly dangerous; 1% risk of failure)
Confirm with . or Enter, or press ? or * to list all spells.
Casting: Plasma Beam (dangerous; 2% risk of failure)
Press: ? - help, Dir - look around, f - activate
Okay, then.
The deep elf knight unwields a +0 scimitar.
The deep elf knight wields a +0 longbow.
The deep elf knight shoots an arrow.
The arrow hits you!!
The deep elf knight shoots an arrow.
The arrow hits you!
Things that are here:
a +0 rapier; an elf skeleton The deep elf knight shoots an arrow.
The arrow hits you!
The +2 flail of protection attacks as it pursues you!
You block the +2 flail of protection's attack.
The +2 flail of protection misses you. The +2 flail of protection hits you!
The +2 flail of protection attacks as it pursues you!
The +2 flail of protection hits you.
There is a staircase back to the Mines here.
The +2 flail of protection hits you.
The deep elf knight unwields a +0 longbow.
The deep elf knight wields a +0 scimitar.
You block the deep elf knight's attack. The +2 flail of protection hits you!
* * * LOW HITPOINT WARNING * * *
You climb upwards.
Welcome back to the Orcish Mines!
Level annotation: 2 transporters, flt's ghost, adept TrMo
There is a staircase to the Elven Halls here.
Casting: Plasma Beam (dangerous; 2% risk of failure)
Confirm with . or Enter, or press ? or * to list all spells.
You blink.
The +2 flail of protection hits you!
* * * LOW HITPOINT WARNING * * *
Unknown command.
As you read the scroll of teleportation, it crumbles to dust.
You feel strangely unstable. The +2 flail of protection hits you!
You die...

##....... ###
##........ ##.###
###.........
#....###...........
##....#.....##.....
##..#....##.......
#..ยง##^#..........
##.(..##.......#.[[
#.@..###..........[
##.....#.......##)..
##...#............[..
##)..#................
#....#...#............
##..#................#
####..#..........#..#
##...###.#......#...
#...#######.#..###.#


You could see a +2 flail of protection.

Vanquished Creatures
  A kraken (Shoals:3)
  Gastronok (D:8)
  An orc warlord (Orc:1)
  A stone giant (Depths:1)
  4 merfolk javelineers
  A merfolk impaler (Shoals:3)
  A fire dragon (Depths:1)
  Josephine (D:11)
  2 alligators (D:14)
  A salamander tyrant (Snake:2)
  A boulder beetle (Lair:2)
  4 anacondas (Snake:1)
  5 hydras
  2 merfolk avatars
  An ogre mage (D:13)
  Erolcha (Orc:2)
  9 two-headed ogres
  12 centaur warriors
  2 merfolk aquamancers (Shoals:3)
  A dancing weapon (Orc:2)
  5 naga warriors
  5 tengu warriors
  2 naga sharpshooters (Snake:1)
  Urug (D:10)
  A satyr (Shoals:3)
  An orc high priest (Orc:2)
  5 shock serpents
  A deep troll earth mage (D:15)
  Sonja (Orc:1)
  A skyshark (Lair:5)
  3 skeletal warriors (D:13)
  An arcanist (D:8)
  10 sea snakes
  2 naga ritualists
  6 mana vipers
  5 lindwurms
  2 orc knights (Orc:1)
  A deep elf pyromancer (Elf:1)
  9 harpies
  A deep elf zephyrmancer (Elf:1)
  13 orc sorcerers
  An oklob plant (Orc:1)
  6 manticores
  7 fauns
  13 cyclopes
  5 salamanders
  Maurice (D:9)
  An ugly thing (D:12)
  2 elephants (Lair:5)
  3 kobold blastminers
  A water nymph (Shoals:3)
  Joseph (D:7)
  A guardian serpent (Snake:2)
  6 merfolk sirens
  26 black mambas
  8 cane toads
  A naga mage (Snake:2)
  2 efreet
  A cane toad (shapeshifter) (D:15)
  2 unseen horrors
  A torpor snail (Lair:3)
  4 rime drakes
  3 yaktaurs
  A guardian mummy (D:10)
  A tengu conjurer (D:8)
  5 komodo dragons
  16 merfolk
  A polar bear (shapeshifter) (D:14)
  6 trolls
  9 polar bears
  A tarantella (shapeshifter) (D:8)
  5 hornets
  2 wind drakes (Shoals:2)
  Grinder (D:3)
  A glass eye (Depths:1)
  3 snapping turtles
  4 dream sheep (Lair:3)
  15 blink frogs
  A spriggan (shapeshifter) (D:15)
  7 wyverns
  11 water elementals
  19 slime creatures
  46 yaks
  A vampire (D:9)
  10 basilisks
  2 fire bats
  A fire elemental (Elf:1)
  5 wargs
  A steam dragon (D:9)
  6 wraiths
  13 vampire mosquitoes (D:11)
  13 nagas
  An acid dragon (D:14)
  17 water moccasins
  Duvessa (D:5)
  2 black bears
  2 swamp drakes (D:11)
  28 orc warriors
  5 sky beasts
  13 ogres
  12 wolves
  17 centaurs
  14 bullfrogs
  11 kobold brigands
  8 gnoll sergeants
  An earth elemental (Elf:1)
  2 scorpions
  A wight (D:8)
  Dowan (D:5)
  7 killer bees
  2 electric eels (D:8)
  2 vampire bats (D:14)
  13 howler monkeys
  A quasit (Sewer)
  12 hounds
  8 jellies
  17 orc priests
  Crazy Yiuf (D:7)
  3 gnoll boudas
  7 iguanas
  A sleepcap (D:6)
  4 hell rats (Lair:4)
  51 orc wizards
  A centaur simulacrum (D:8)
  14 adders
  24 gnolls
  8 shadow imps
  4 white imps
  A howler monkey simulacrum (D:8)
  11 ufetubi
  3 ribbon worms
  90 orcs
  8 ball pythons
  A bat zombie (Sewer)
  17 endoplasms
  10 giant cockroaches
  7 goblins
  7 hobgoblins
  43 kobolds
  2 quokkas
  15 bats
  8 frilled lizards
  3 rats (D:2)
  A tentacle (Shoals:3)
974 creatures vanquished.

Vanquished Creatures (collateral kills)
  4 foxfires
4 creatures vanquished.

Vanquished Creatures (others)
  An arcanist (D:8)
  A kobold zombie (Sewer)
  1184 foxfires
  3 tentacles (Shoals:3)
1189 creatures vanquished.

Grand Total: 2167 creatures vanquished

Notes
Turn   | Place    | Note
-------+----------+-------------------------------------------
     0 | D:1      | Cral the Deep Elf Fire Elementalist began the quest for the
                  | Orb.
     0 | D:1      | Reached XP level 1. HP: 10/10 MP: 6/6
   487 | D:1      | You fall into a shaft and drop 1 floor!
   497 | D:2      | Reached XP level 2. HP: 15/15 MP: 4/8
  1061 | D:1      | Learned a level 2 spell: Scorch
  1264 | D:1      | Reached XP level 3. HP: 19/19 MP: 7/10
  1558 | D:2      | Reached skill level 4 in Spellcasting
  1933 | D:2      | Found a faded altar of an unknown god.
  1950 | D:2      | Reached XP level 4. HP: 24/24 MP: 8/12
  2790 | D:3      | Noticed Grinder
  2799 | D:3      | Killed Grinder
  2800 | D:3      | Reached skill level 5 in Spellcasting
  2800 | D:3      | Reached skill level 5 in Fire Magic
  2800 | D:3      | Reached XP level 5. HP: 28/28 MP: 4/14
  2800 | D:3      | Reached XP level 6. HP: 32/32 MP: 4/16
  2893 | D:3      | Learned a level 3 spell: Volatile Blastmotes
  2916 | D:3      | Identified the +11 dagger of Iconoclasm {vamp, Fly Str+6
                  | Int-2}
  3366 | D:3      | Found a shimmering altar of Xom.
  4088 | D:4      | Reached skill level 6 in Spellcasting
  4220 | D:4      | Found a glowing drain.
  4261 | Sewer    | Entered a sewer
  4481 | Sewer    | Reached XP level 7. HP: 36/36 MP: 13/18
  4633 | Sewer    | Found a burning altar of Makhleb.
  4650 | Sewer    | Reached skill level 5 in Dodging
  5074 | D:4      | Found a hide-covered altar of Uskayaw.
  5084 | D:4      | Learned a level 2 spell: Blink
  5141 | D:4      | Found a transporter.
  5143 | D:4      | Found a transporter.
  5162 | D:4      | Found a staircase to the Ecumenical Temple.
  5166 | Temple   | Entered the Ecumenical Temple
  5318 | Temple   | Became a worshipper of Sif Muna the Loreminder
  5446 | D:4      | Found a radiant altar of Vehumet.
  5531 | D:4      | Found an opulent altar of Gozag.
  5540 | D:4      | Found a snail-covered altar of Cheibriados.
  5540 | D:4      | Found an ornate altar of the Wu Jian Council.
  5928 | D:5      | Entered Level 5 of the Dungeon
  6255 | D:5      | Noticed Dowan
  6783 | D:5      | Found a burning altar of Makhleb.
  6900 | D:5      | Noticed Duvessa
  6915 | D:5      | Killed Duvessa
  6916 | D:5      | Reached skill level 5 in Conjurations
  6916 | D:5      | Reached XP level 8. HP: 19/41 MP: 9/19
  6920 | D:5      | Killed Dowan
  7020 | D:5      | Found a glowing golden altar of the Shining One.
  7021 | D:5      | Found a glowing silver altar of Zin.
  7060 | D:5      | Found a white marble altar of Elyvilon.
  7457 | D:6      | Reached skill level 7 in Spellcasting
  7675 | D:6      | Reached skill level 8 in Spellcasting
  7736 | D:6      | Reached * piety under Sif Muna
  7883 | D:6      | Reached skill level 9 in Spellcasting
  8324 | D:6      | Reached XP level 9. HP: 45/45 MP: 17/24
  8378 | D:6      | Reached skill level 1 in Alchemy
  8402 | D:6      | Reached skill level 1 in Air Magic
  8789 | D:6      | Learned a level 3 spell: Mephitic Cloud
  8794 | D:6      | Learned a level 4 spell: Flame Wave
  9123 | D:6      | Reached ** piety under Sif Muna
  9625 | D:6      | Noticed a cyclops
  9758 | D:6      | Reached skill level 10 in Spellcasting
  9815 | D:6      | Killed a cyclops
 10244 | D:6      | Reached skill level 1 in Fighting
 10705 | D:7      | Reached XP level 10. HP: 53/53 MP: 7/26
 11060 | D:7      | Found Kidor's Jewellery Shoppe.
 11194 | D:7      | Noticed Joseph
 11283 | D:7      | Killed Joseph
 11629 | D:7      | Found a runed translucent door.
 11630 | D:7      | Noticed Crazy Yiuf
 11856 | D:7      | Bought the ring "Rufymu" {rF+ Int+6} for 550 gold pieces
 11917 | D:7      | Killed Crazy Yiuf
 11984 | D:8      | Reached skill level 1 in Invocations
 12658 | D:8      | Reached *** piety under Sif Muna
 13219 | D:8      | Found a staircase to the Lair.
 13312 | D:8      | Reached skill level 5 in Invocations
 13494 | D:8      | Noticed a centaur warrior
 14397 | D:8      | Killed a centaur warrior
 14535 | D:8      | Paralysed by a centaur for 5 turns
 14694 | D:8      | Identified the +0 chain mail of Kecrof {MP+9 Str+4}
 14796 | D:8      | Reached skill level 1 in Shields
 14829 | D:8      | Reached XP level 11. HP: 60/60 MP: 20/27
 14851 | D:8      | Identified the +0 robe of the Butcher {rF+}
 14851 | D:8      | Noticed an arcanist
 15857 | D:8      | Found a bloodstained altar of Trog.
 15859 | D:8      | Noticed a wizard
 15865 | D:8      | Killed a wizard
 15922 | D:8      | Noticed a centaur warrior
 15922 | D:8      | Reached **** piety under Sif Muna
 16613 | D:8      | Found a broken altar of Ashenzari.
 16613 | D:8      | Found a sacrificial altar of Ru.
 16613 | D:8      | Found a stormy altar of Qazlal.
 16614 | D:8      | Found a basalt altar of Yredelemnul.
 16621 | D:8      | Found a hazy altar of Hepliaklqana.
 16666 | D:8      | Identified the +12 sling of Infinity {antimagic, +Blink
                  | rN+}
 16666 | D:8      | Noticed a tengu warrior
 17089 | D:8      | Noticed a centaur warrior
 17104 | D:8      | Killed a centaur warrior
 17134 | D:8      | Identified the +1 leather armour of Galakaph {rElec}
 17232 | D:8      | Killed an arcanist
 17332 | D:8      | Killed a tengu warrior
 17419 | D:8      | Killed a centaur warrior
 17918 | D:8      | Found Buke's Distillery.
 17923 | D:8      | Noticed Gastronok
 18035 | D:8      | Learned a level 3 spell: Ozocubu's Armour
 18387 | D:8      | Killed Gastronok
 18388 | D:8      | Reached skill level 5 in Ice Magic
 18490 | Lair:1   | Entered Level 1 of the Lair of Beasts
 18858 | Lair:1   | Reached skill level 10 in Dodging
 19218 | Lair:1   | Reached XP level 12. HP: 45/64 MP: 19/28
 19288 | Lair:1   | Learned a level 5 spell: Freezing Cloud
 19770 | Lair:1   | Reached skill level 5 in Air Magic
 20870 | Lair:2   | Noticed a seven-headed hydra
 20875 | Lair:2   | Killed a seven-headed hydra
 21214 | Lair:2   | Noticed a boulder beetle
 22481 | Lair:2   | Reached skill level 11 in Spellcasting
 22862 | Lair:2   | Killed a boulder beetle
 24103 | Lair:3   | Found a gate leading to a gauntlet.
 24112 | Gauntlet | Entered a Gauntlet
 24112 | Gauntlet | Found a transporter.
 24121 | Gauntlet | Found a transporter.
 24136 | Gauntlet | Found a transporter.
 24140 | Gauntlet | Noticed a death yak
 24141 | Gauntlet | Found a transporter.
 24146 | Gauntlet | Noticed a death yak
 24166 | Gauntlet | Found a transporter.
 24175 | Gauntlet | Found a transporter.
 24187 | Gauntlet | Found a transporter.
 24198 | Gauntlet | Noticed a reaper
 24199 | Gauntlet | Found a transporter.
 24211 | Gauntlet | Found a transporter.
 24222 | Gauntlet | Noticed a catoblepas
 24223 | Gauntlet | Found a transporter.
 24240 | Gauntlet | Found a transporter.
 24240 | Gauntlet | Found a transporter.
 24260 | Gauntlet | Found a transporter.
 24280 | Gauntlet | Found a transporter.
 24302 | Gauntlet | Found a transporter.
 24379 | Gauntlet | Found a transporter.
 24404 | Gauntlet | Found a transporter.
 24406 | Gauntlet | Found a transporter.
 24587 | Gauntlet | Noticed a death yak
 24587 | Gauntlet | Noticed a death yak
 24588 | Gauntlet | Noticed a death yak
 24589 | Gauntlet | Noticed a death yak
 25066 | Lair:3   | Reached skill level 12 in Spellcasting
 25706 | Lair:3   | Reached skill level 10 in Conjurations
 25884 | Lair:3   | Found a staircase to the Snake Pit.
 25894 | Lair:3   | Reached XP level 13. HP: 59/68 MP: 10/31
 25919 | Lair:3   | Reached skill level 13 in Spellcasting
 26284 | Lair:3   | Found a staircase to the Shoals.
 27535 | D:9      | Reached skill level 14 in Spellcasting
 27544 | D:9      | Reached ***** piety under Sif Muna
 27547 | D:9      | Noticed Maurice
 27553 | D:9      | Killed Maurice
 28226 | D:7      | Bought a +4 ring of protection for 396 gold pieces
 28877 | D:10     | Entered Level 10 of the Dungeon
 28897 | D:10     | Noticed Urug
 28906 | D:10     | Paralysed by Urug for 3 turns
 28911 | D:10     | Killed Urug
 29591 | D:10     | Reached skill level 15 in Spellcasting
 29604 | D:10     | Learned a level 6 spell: Starburst
 29721 | D:10     | Found a portal to a secret trove of treasure.
 30030 | D:11     | Reached skill level 5 in Stealth
 31432 | Lair:4   | Found a staircase to the Slime Pits.
 31436 | Lair:4   | Identified the +9 war axe of the Spider Nest {flame, Dex+2}
 31529 | Lair:4   | Reached skill level 5 in Fighting
 31745 | Lair:4   | Received a gift from Sif Muna
 31746 | Lair:4   | Got Sif Muna's Compendium of Glaciation and Blows {god
                  | gift}
 31800 | Lair:4   | Learned a level 5 spell: Fireball
 32485 | Lair:5   | Entered Level 5 of the Lair of Beasts
 33374 | Lair:5   | Reached XP level 14. HP: 82/82 MP: 25/35
 34574 | Lair:5   | Found the +8 pair of quick blades "Gyre" and "Gimble"
                  | {protect}
 35345 | D:7      | Bought a ring of poison resistance for 220 gold pieces
 35449 | D:11     | Noticed Josephine
 35555 | D:11     | Killed Josephine
 35794 | D:11     | Identified the scarf of the Other Side {repulsion, -Tele
                  | rElec Regen+ rCorr Int-4}
 38032 | D:12     | Found a staircase to the Orcish Mines.
 38179 | D:12     | Reached skill level 10 in Fire Magic
 39325 | D:9      | Got Onuezon's Quarto of Baneful Abominable Words
 39718 | Orc:1    | Entered Level 1 of the Orcish Mines
 39982 | Orc:1    | Noticed Sonja
 39984 | Orc:1    | Killed Sonja
 40121 | Orc:1    | Paralysed by an orc sorcerer for 3 turns
 40999 | Orc:2    | Entered Level 2 of the Orcish Mines
 40999 | Orc:2    | Noticed an orc warlord
 41114 | Orc:1    | Killed an orc warlord
 41520 | Orc:1    | Learned a level 6 spell: Plasma Beam
 41773 | Snake:1  | Entered Level 1 of the Snake Pit
 42448 | Snake:1  | Reached XP level 15. HP: 51/88 MP: 13/36
 43713 | Orc:2    | Found a staircase to the Elven Halls.
 43952 | Orc:2    | Received a gift from Sif Muna
 43955 | Orc:2    | Got Sif Muna's Folio of the Dynamic Brume {god gift}
 44708 | Orc:2    | Found a transporter.
 44708 | Orc:2    | Noticed flt's ghost (adept TrMo)
 44711 | Orc:2    | Found a transporter.
 44923 | Orc:2    | Found Ezoduzai's Jewellery Boutique.
 45058 | Orc:2    | Noticed Erolcha
 45065 | Orc:2    | Killed Erolcha
 45146 | Orc:2    | Found Qalec's Antique Weapon Shop.
 45570 | Orc:2    | Found a radiant altar of Vehumet.
 45575 | Orc:2    | Found Bylud's Jewellery Boutique.
 45866 | Orc:2    | Found Yvanir's Distillery.
 45904 | Orc:2    | Found an ancient bone altar of Kikubaaqudgha.
 46674 | D:13     | Found an ornate altar of the Wu Jian Council.
 48792 | D:14     | Reached skill level 15 in Fire Magic
 48960 | D:14     | Received a gift from Sif Muna
 48969 | D:14     | Got Sif Muna's Omnibus of Subzero Bewitchment {god gift}
 49273 | D:14     | Found an iron altar of Okawaru.
 49369 | D:14     | Reached skill level 1 in Summonings
 49942 | D:14     | Found a gate to the Vaults.
 50862 | D:15     | Entered Level 15 of the Dungeon
 50882 | D:15     | Reached skill level 5 in Summonings
 50945 | D:15     | Found the +18 shield of the Gong {Loud rN+ Will+ rCorr
                  | EV-5}
 51894 | D:15     | Found a staircase to the Depths.
 52134 | Depths:1 | Entered Level 1 of the Depths
 52769 | Depths:1 | Reached XP level 16. HP: 88/93 MP: 4/37
 56468 | Shoals:1 | Entered Level 1 of the Shoals
 58062 | Shoals:2 | Found a glacial archway.
 58074 | Shoals:2 | Found Togrien's Armour Shop.
 58092 | Shoals:2 | Bought a +2 pair of gloves for 297 gold pieces
 58228 | Shoals:2 | Reached skill level 5 in Shields
 58819 | Shoals:3 | Identified a scroll of acquirement
 58821 | Shoals:3 | Acquired 818 gold pieces
 58976 | Shoals:3 | Reached skill level 16 in Spellcasting
 59783 | Shoals:3 | Learned a level 7 spell: Spellforged Servitor
 59871 | Shoals:3 | Received a gift from Sif Muna
 60176 | Shoals:3 | Found Totos's Antique Armour Boutique.
 60261 | Shoals:3 | Noticed a kraken
 60265 | Shoals:3 | Killed a kraken
 60471 | Shoals:3 | Identified the serpent talisman of the Pure Bones {Fly
                  | rCorr Str-3 SInv}
 60471 | Shoals:3 | Noticed Aizul
 60487 | Shoals:2 | HP: 4/93 [poisoned by Aizul (bolt of poison)]
 61028 | Slime:1  | Entered Level 1 of the Pits of Slime
 61590 | Elf:1    | Entered Level 1 of the Elven Halls
 61612 | Orc:2    | Learned a level 3 spell: Stone Arrow
 61907 | Elf:1    | Found a radiant altar of Vehumet.
 61928 | Orc:2    | Mangled by a +2 flail of protection

Illustrated notes

Levels and vault maps discovered:
D:1:      psy_arrival_dodecagon, layout_basic, nicolae_grassy_gnolls
D:2:      layout_basic, serial_curves, eino_curves_01, eino_curves_04,
          eino_curves_02, shapermc_ecumenical_altar_mp_ritualfount
D:3:      layout_loops_ring, xom_teletrap_fun, uniq_grinder
D:4:      gammafunk_wand_slinger, layout_rooms, vehumet_altar_wand_db,
          grunt_temple_overflow_open, temple_hall_moat, gup_sewer_entry_glass
D:5:      layout_basic, good_gods_temple_1, lightli_temple_of_fire, uniq_duvessa
D:6:      lemuel_castle_with_subvaults [lemuel_castle_interior_carwin_2],
          layout_basic, serial_demonic, serial_demonic_d, serial_demonic_g,
          serial_demonic_g, serial_demonic_g, serial_demonic_c,
          serial_demonic_b, serial_demonic_g
D:7:      layout_rooms, serial_shops, kennysheep_mini_moat, uniq_joseph,
          uniq_crazy_yiuf_cottage
D:8:      minmay_the_grid_square_5x5_3x3 [minmay_the_grid_square_5x5_gyroscope,
          minmay_the_grid_square_5x5_plus,
          minmay_the_grid_square_5x5_misaligned,
          minmay_the_grid_square_5x5_checkered_statues,
          minmay_the_grid_square_5x5_megaprize_open,
          minmay_the_grid_square_5x5_mess,
          minmay_the_grid_square_5x5_three_walls,
          minmay_the_grid_square_5x5_three,
          minmay_the_grid_square_5x5_hourglass], layout_basic, trog_wizard,
          minitemple, minmay_lair_entry_grove, serial_shops, shop, serial_ice,
          serial_ice_b, serial_ice_o, serial_ice_j, serial_ice_c, serial_ice_n,
          serial_ice_f, grunt_decor_arrowhead, uniq_gastronok
D:9:      layout_basic, serial_rivers, chequers_serial_rivers_small_a,
          chequers_serial_rivers_micro_e, chequers_serial_rivers_room_a,
          chequers_serial_rivers_micro_b, chequers_serial_rivers_room_a,
          chequers_serial_rivers_micro_a, minmay_lindwurm_lava, uniq_maurice
D:10:     layout_long_grid, nicolae_trove_entry_path_of_doom, uniq_urug
D:11:     layout_rooms, pond, uniq_josephine
D:12:     layout_irregular_city, erik_orc_3, minivault_15
D:13:     layout_irregular_city, nicolae_wu_jian_glorious_leap
D:14:     layout_loops_ring, david_vaults_2, okawaru_ov_weapons_minmay,
          hangedman_decor_points, hangedman_parallel_progression
D:15:     hellmonk_depths_entry_around_the_bend, layout_cave_pools,
          minmay_misc_feat_tiny, drop_trap
Temple:   corrupted_temple
Lair:1:   layout_cave_pods
Lair:2:   layout_cave_pods, beast_lair_carwin_1, grunt_megastairs_2,
          serial_bayou_shore_a
Lair:3:   layout_cave_pods, elwin_shoals_entry_rocks,
          minmay_snake_entry_guardpost_small, gauntlet_entry_generic,
          nicolae_volcano_entry_vermiform
Lair:4:   layout_loops_ring, nicolae_slime_entry_slimehenge
Lair:5:   gammafunk_lair_ancient_temple, layout_cellular_growth,
          nicolae_lair_grove_arrangements
Shoals:1: layout_shoals, nicolae_shoals_lost_giant_baths, yaktaur_hedge
Shoals:2: layout_shoals, serial_shops, nicolae_shop_window_shopping,
          portal_ice_cave_entry_pillars_1, nicolae_shoals_square_sea_wall
Shoals:3: layout_shoals, serial_shops, shop, uniq_aizul
Snake:1:  layout_rooms, lemuel_fruit_tree, serial_bayou_shore_b
Snake:2:  layout_gridlike, serial_bayou_pond_e
Snake:3:  layout_gridlike, lemuel_altar_in_water2, guppyfry_snake_island,
          minmay_shop_star, grunt_megastairs_4, uniq_roxanne
Slime:1:  layout_caves
Orc:1:    layout_diamond_mine, nicolae_orc_beogh_chapel, mines3_lemuel,
          uniq_sonja
Orc:2:    kennysheep_orc_mage_school, layout_caves, gammafunk_ghost_smash
Elf:1:    eino_elf_arrival_altar, layout_geoelf_grid,
          kennysheep_underground_church, uniq_nikola
Depths:1: layout_small_grid, minmay_misc_feat_alley, serial_shops,
          nicolae_shop_trees, hell_entry, elyvilon_altar_3

Skill      XL: |  1  2  3  4  5  6  7  8  9 10 11 12 13 14 15 16 |
---------------+-------------------------------------------------+-----
Fire Magic     | 4 5 7 12 15 | 15.0
Spellcasting   | 4 5 6 9 10 12 15 16 | 16.5
Conjurations   | 3 5 6 8 10 13 | 13.3
Stealth        | 3 7 |  7.0
Translocations | 3 |  3.0
Dodging        | 3 6 9 10 | 10.2
Alchemy        | 3 |  3.0
Air Magic      | 3 4 6 8 9 |  9.0
Fighting       | 2 3 7 8 |  8.0
Invocations    | 6 9 |  9.0
Shields        | 1 4 6 |  6.0
Ice Magic      | 6 9 |  9.0
Summonings     | 8 9 |  9.0

Action                     |  1- 3 |  4- 6 |  7- 9 | 10-12 | 13-15 | 16-18 || total
---------------------------+-------+-------+-------+-------+-------+-------++-------
  Melee: Dagger            |       |       |     1 |     2 |       |       ||     3
         Staff             |       |       |       |       |    19 |     3 ||    22
   Cast: Foxfire           |    53 |    73 |   303 |   273 |       |       ||   702
         Scorch            |    13 |    26 |    58 |   236 |    80 |       ||   413
         Volatile Blastmot |       |     1 |     7 |     7 |       |       ||    15
         Flame Wave        |       |       |     2 |    33 |    48 |     5 ||    88
         Mephitic Cloud    |       |       |     1 |     2 |     1 |       ||     4
         Blink             |       |       |       |     1 |     4 |     7 ||    12
         Ozocubu's Armour  |       |       |       |     6 |    61 |    18 ||    85
         Freezing Cloud    |       |       |       |    34 |   129 |    16 ||   179
         Fireball          |       |       |       |       |   363 |   148 ||   511
         Starburst         |       |       |       |       |    12 |     6 ||    18
         Plasma Beam       |       |       |       |       |    12 |    36 ||    48
         Stone Arrow       |       |       |       |       |       |    11 ||    11
 Invoke: Channel Magic     |       |       |       |     3 |     4 |     1 ||     8
         Forget Spell      |       |       |       |       |     1 |       ||     1
    Use: Scroll            |       |       |     9 |     6 |    14 |    13 ||    42
         Potion            |       |       |       |     2 |       |     3 ||     5
   Stab: Distracted        |       |       |       |       |     1 |       ||     1
 Armour: Robe              |     7 |     4 |    25 |   113 |   212 |    84 ||   445
  Dodge: Dodged            |    11 |     9 |    27 |   114 |   150 |    46 ||   357
  Block: Buckler           |       |       |       |    71 |   174 |    55 ||   300
         Reflection        |       |       |       |     8 |    57 |    19 ||    84
